 Dungeon Crawl Stone Soup version 0.23.2-1-ga50397a6bc (webtiles) character file.

Game seed: 2467363848378508158

420 Mithandil the Ogre Mage (level 6, -3/55 HPs)
             Began as an Ogre Wizard on May 30, 2019.
             Was an Initiate of Sif Muna.
             Killed by nerve-wracking pain
             ... invoked by Menkaure
              (7 damage)
             ... on level 5 of the Dungeon.
             The game lasted 01:01:54 (5000 turns).

Mithandil the Ogre Mage (Ogre Wizard)               Turns: 5000, Time: 01:01:54

Health: -3/55      AC:  4    Str: 12    XL:     6   Next: 94%
Magic:  14/14      EV: 10    Int: 23    God:    Sif Muna [......]
Gold:   186        SH:  0    Dex:  7    Spells: 6/15 levels left

rFire    . . .     SeeInvis .   a - +0 glaive
rCold    . . .     Gourm    .   (shield currently unavailable)
rNeg     + . .     Faith    .   p - +0 robe
rPois    .         Spirit   .   g - +1 hat
rElec    .         Reflect  .   (no cloak)
rCorr    .         Harm     .   (gloves unavailable)
MR       .....                  (boots unavailable)
Stlth    ++........             (no amulet)
HPRegen  0.18/turn              o - +2 ring of intelligence
MPRegen  0.14/turn              n - ring of positive energy

@: no status effects
A: large, unfitting armour, tough skin 1
a: Renounce Religion


You were on level 5 of the Dungeon.
You worshipped Sif Muna.
Sif Muna was noncommittal.
You were not hungry.

You visited 2 branches of the dungeon, and saw 7 of its levels.

You collected 186 gold pieces.

Inventory:

Hand Weapons
 a - a +0 glaive (weapon)
 b - a +0 halberd
 u - a +0 dagger
 w - a +0 hunting sling
Missiles
 i - 85 stones
 m - 8 tomahawks (quivered)
 v - 7 sling bullets
Armour
 g - a +1 hat (worn)
 p - a +0 robe (worn)
Jewellery
 j - a +3 ring of strength
 n - a ring of positive energy (right hand)
 o - a +2 ring of intelligence (left hand)
Wands
 z - a wand of digging (2)
Scrolls
 h - 4 scrolls of teleportation
 s - 2 scrolls of magic mapping
 t - a scroll of fog
 y - a scroll of enchant armour
 B - a scroll of amnesia
Potions
 c - a potion of heal wounds
 e - 2 potions of agility
 f - 2 potions of cancellation {unknown}
 k - 3 potions of haste
 l - a potion of might {unknown}
 q - a potion of brilliance {unknown}
 r - a potion of berserk rage {unknown}
 x - a potion of resistance {unknown}
Comestibles
 d - 8 rations
 A - 7 chunks of flesh


   Skills:
 + Level 1.3 Fighting
 + Level 1.4 Polearms
 + Level 2.9 Dodging
 + Level 2.5 Stealth
 * Level 5.4 Spellcasting
 + Level 2.5 Conjurations
 + Level 2.0 Summonings
   Level 0.8 Translocations
 - Level 0.3 Air Magic
 - Level 0.4 Poison Magic


You had 6 spell levels left.
You knew the following spells:

 Your Spells              Type           Power        Failure   Level  Hunger
a - Magic Dart            Conj           ###.         3%          1    None
b - Call Imp              Summ           ###.....     6%          2    None
c - Mephitic Cloud        Conj/Pois/Air  ##......     17%         3    ##.....
d - Conjure Flame         Conj/Fire      ##......     16%         3    ##.....

Your spell library contained the following spells:

 Spells                   Type           Power        Failure   Level  Hunger
 Blink                    Tloc           N/A          10%         2    None
 Slow                     Hex            #.......     14%         2    None


Dungeon Overview and Level Annotations

Branches:
Dungeon (6/15)             Temple (1/1) D:4

Altars:
Ashenzari
Elyvilon
Makhleb
Nemelex Xobeh
Okawaru
Sif Muna
Uskayaw
Vehumet
Yredelemnul

Annotations:
D:5 Menkaure


Innate Abilities, Weirdness & Mutations

You are too large for most types of armour.
You have tough skin. (AC +1)


Message History

Menkaure calls on the powers of darkness!
Your body is wracked with pain!
Found 17 gold pieces.
Menkaure calls on the powers of darkness!
Your body is wracked with pain!
You see here 17 gold pieces.
Menkaure casts a spell.
Menkaure seems to speed up.
Menkaure barely misses you. Menkaure hits you!
* * * LOW HITPOINT WARNING * * *
Menkaure barely misses you. Menkaure hits you.
* * * LOW HITPOINT WARNING * * *
Menkaure calls on the powers of darkness!
Your body is wracked with pain!
* * * LOW HITPOINT WARNING * * *
Menkaure points at you and mumbles some strange words.
Pain shoots through your body!
You die...

....# #.##.# .#.##
#.##.# .#.# ..##.#
. .# #.##.# #.##.#
#.#..# #....#
#.#..# #.#@.#
#.#..# #.#..#
#.#M.# #.#..#
########.#..#
######...........#
#....$...####.#.##
######...####.#.#


You could see Menkaure.

Vanquished Creatures
  Natasha (D:2)
  3 worker ants
  2 gnolls (D:3)
  2 river rats (D:3)
  3 adders
  2 oozes
  4 worms
  A dart slug (D:4)
  A leopard gecko (D:1)
  An orc (D:3)
  3 goblins (D:1)
  8 hobgoblins
  5 bats
  3 frilled lizards
  6 kobolds
  10 rats
55 creatures vanquished.

Vanquished Creatures (collateral kills)
  Blork the orc (D:4)
  A howler monkey (D:4)
  A hound (D:5)
  A jelly (D:5)
  Natasha (twice) (D:2)
  A worker ant (D:5)
  2 gnolls
  3 river rats (D:3)
  3 adders
  An ooze (D:3)
  A dart slug (D:1)
  A leopard gecko (D:2)
  A ball python (D:2)
  A giant cockroach (D:1)
  4 goblins
  3 hobgoblins
  2 quokkas (D:2)
  2 bats
  A frilled lizard (D:2)
  A kobold (D:2)
  2 rats
35 creatures vanquished.

Grand Total: 90 creatures vanquished

Notes
Turn   | Place    | Note
-------+----------+-------------------------------------------
     0 | D:1      | Mithandil the Ogre Wizard began the quest for the Orb.
     0 | D:1      | Reached XP level 1. HP: 16/16 MP: 5/5
   145 | D:1      | Reached skill level 1 in Conjurations
   261 | D:1      | Reached XP level 2. HP: 24/24 MP: 1/6
   266 | D:1      | Learned a level 2 spell: Call Imp
   638 | D:1      | Reached skill level 4 in Spellcasting
  1100 | D:2      | Reached XP level 3. HP: 31/31 MP: 5/8
  1319 | D:2      | Learned a level 3 spell: Mephitic Cloud
  1540 | D:2      | Noticed Natasha
  1553 | D:2      | Killed Natasha
  1553 | D:2      | Reached skill level 1 in Summonings
  1553 | D:2      | Reached XP level 4. HP: 22/39 MP: 0/10
  1649 | D:2      | Noticed Natasha
  1661 | D:2      | Killed Natasha
  1667 | D:2      | Noticed Natasha
  1675 | D:2      | Killed Natasha
  2410 | D:3      | Reached XP level 5. HP: 24/45 MP: 2/11
  3877 | D:5      | Entered Level 5 of the Dungeon
  3928 | D:4      | Reached skill level 5 in Spellcasting
  3928 | D:4      | Reached XP level 6. HP: 48/53 MP: 7/13
  3933 | D:4      | Learned a level 3 spell: Conjure Flame
  3959 | D:4      | Noticed a phantom
  4015 | D:4      | Found a staircase to the Ecumenical Temple.
  4021 | Temple   | Entered the Ecumenical Temple
  4050 | Temple   | Became a worshipper of Sif Muna the Loreminder
  4207 | D:4      | Reached skill level 1 in Polearms
  4283 | D:4      | Noticed Blork the orc
  4298 | D:4      | Killed Blork the orc
  4691 | D:5      | Reached skill level 1 in Fighting
  4704 | D:5      | Noticed a +0 hand axe
  4705 | D:5      | Noticed a +0 dagger
  4708 | D:5      | Found a hide-covered altar of Uskayaw.
  4963 | D:5      | Noticed Menkaure
  5000 | D:5      | Killed from afar by Menkaure

Skill      XL: |  1  2  3  4  5  6 |
---------------+-------------------+-----
Conjurations   | 1 2 |  2.5
Dodging        | 2 |  2.9
Spellcasting   | 4 5 |  5.4
Summonings     | 1 2 |  2.0
Stealth        | 2 |  2.5
Polearms       | 1 |  1.4
Fighting       | 1 |  1.3
Translocations | |  0.8
Air Magic      | |  0.3
Poison Magic   | |  0.4

Action                   |  1- 3 |  4- 6 || total
-------------------------+-------+-------++-------
Melee: Unarmed           |    10 |       ||    10
       Halberd           |       |    24 ||    24
       Glaive            |       |    22 ||    22
 Cast: Magic Dart        |    62 |   105 ||   167
       Call Imp          |    15 |    47 ||    62
       Mephitic Cloud    |     1 |     1 ||     2
       Conjure Flame     |       |     2 ||     2
  Use: Scroll            |     2 |     8 ||    10
       Potion            |       |     2 ||     2
  Eat: Chunk             |     2 |     5 ||     7
       Ration            |       |     2 ||     2
Armor: Robe              |    11 |    49 ||    60
Dodge: Dodged            |    22 |    78 ||   100
